 Seeded DCSS version 0.27.1-35-g4d5d836560 (webtiles) character file.

Game seed: 11 (custom seed)

69 xaos the Firebug (level 4, -5/31 HPs)
             Began as a Human Fire Elementalist on Apr 4, 2022.
             Slain by Grinder (8 damage)
             ... while paralysed by Grinder
             ... on level 3 of the Dungeon on Apr 5, 2022.
             The game lasted 00:09:49 (4545 turns).

xaos the Firebug (Human Fire Elementalist)          Turns: 4545, Time: 00:09:49

Health: -5/31      AC:  2    Str:  8    XL:     4   Next: 42%
Magic:  7/7        EV:  2    Int: 16    God:
Gold:   66         SH:  0    Dex: 14    Spells: 6/7 levels left

rFire    . . .     SeeInvis .   g - +1 dagger (venom)
rCold    . . .     Faith    .   (no shield)
rNeg     + . .     Spirit   .   a - +0 robe
rPois    .         Reflect  .   (no helmet)
rElec    .         Harm     .   (no cloak)
rCorr    .         Rampage  .   (no gloves)
Will     .....                  (no boots)
Stlth    ++........             i - amulet of magic regeneration
HPRegen  0.10/turn              k - ring of positive energy
MPRegen  0.35/turn              (no ring)

@: paralysed
A: no striking features
a: no special abilities


You were on level 3 of the Dungeon.
You visited 1 branch of the dungeon, and saw 3 of its levels.

You collected 66 gold pieces.

Inventory:

Hand Weapons
 b - a +0 mace
 g - a +1 dagger of venom (weapon)
Missiles
 d - 9 bolts
 e - 15 poisoned darts
 j - 21 arrows
Armour
 a - a +0 robe (worn)
Jewellery
 i - an amulet of magic regeneration (around neck)
 k - a ring of positive energy (left hand)
Scrolls
 f - 3 scrolls of fog
Potions
 c - 2 potions of heal wounds
 h - a potion of degeneration {unknown}


   Skills:
 + Level 0.8 Fighting
 + Level 0.2 Short Blades
 + Level 1.6 Maces & Flails
 + Level 2.2 Dodging
 + Level 2.2 Stealth
 + Level 2.3 Spellcasting
 + Level 1.1 Conjurations
 + Level 3.7 Fire Magic


You had 6 spell levels left.
You knew the following spells:

 Your Spells              Type           Power      Damage    Failure   Level
a - Foxfire               Conj/Fire      36%        2x1d5     8%          1

Your spell library contained the following spells:

 Spells                   Type           Power      Damage    Failure   Level
 Conjure Flame            Conj/Fire      9%         6-21      22%         3
 Inner Flame              Hex/Fire       7%         N/A       28%         3
 Sticky Flame             Conj/Fire      9%         2d3       58%         4
 Fireball                 Conj/Fire      4%         3d4       91%         5


Dungeon Overview and Level Annotations

Branches:
Dungeon (3/15)

Altars:

Annotations:
D:3 Grinder, Sigmund


Message History

You barely resist. You hit Grinder.
Grinder is lightly wounded.
Grinder hits you!
You writhe in agony.
You hit Grinder.
Grinder is lightly wounded.
Grinder hits you!
* * * LOW HITPOINT WARNING * * *
Grinder blinks!
Casting: Foxfire (safe; 8% risk of failure)
Press: ? - help, Q - select action, (/) - cycle Dir - look around, f - activate You conjure some foxfire!
Your foxfire dissipates!
You start resting.
Grinder is nearby!
Grinder is nearby!
Casting: Foxfire (safe; 8% risk of failure)
Press: ? - help, Q - select action, (/) - cycle Dir - look around, f - activate You conjure some foxfire!
The foxfire hits Grinder.
Grinder is lightly wounded.
The foxfire hits Grinder but does no damage.
Grinder is lightly wounded.
Casting: Foxfire (safe; 8% risk of failure)
Press: ? - help, Q - select action, (/) - cycle Dir - look around, f - activate You conjure some foxfire!
Grinder says, "My boss said I was rubbish.
His entrails said otherwise."
Grinder gestures at you. Pain shoots through your body!
* * * LOW HITPOINT WARNING * * *
Your foxfire dissipates!
Sigmund the Dreaded comes into view.
He is wielding a +0 scythe.
The foxfire hits Grinder.
Grinder is moderately wounded.
Grinder gestures at you.
You suddenly lose the ability to move!
Grinder hits you.
* * * LOW HITPOINT WARNING * * *
Grinder hits you!
You die...

#......# #......#
#......# #.....##
#####.....#
..........# ####
..........# #..
..........# #.#######
..........# #..5@...#
..........#
#..####....@
..........# #..# .##
..###########..####.
.....................
...#########.#.####.$
.#.## #.#... .#..#
#+##### .##.#


You could see Grinder and Sigmund (asleep).

Vanquished Creatures
  3 adders (D:2)
  A worm (D:2)
  2 bats
  9 endoplasms
  2 giant cockroaches (D:1)
  3 goblins
  3 hobgoblins
  A quokka (D:1)
  4 ball pythons
  A frilled lizard (D:3)
  2 kobolds (D:2)
  5 rats
36 creatures vanquished.

Vanquished Creatures (others)
  42 foxfires
42 creatures vanquished.

Grand Total: 78 creatures vanquished

Notes
Turn   | Place    | Note
-------+----------+-------------------------------------------
     0 | D:1      | xaos the Human Fire Elementalist began the quest for the
                  | Orb.
     0 | D:1      | Reached XP level 1. HP: 13/13 MP: 3/3
   658 | D:1      | Reached XP level 2. HP: 13/19 MP: 1/5
  2251 | D:2      | Reached XP level 3. HP: 19/24 MP: 6/6
  2443 | D:2      | Reached skill level 1 in Maces & Flails
  3409 | D:2      | Reached XP level 4. HP: 16/31 MP: 7/7
  4526 | D:3      | Noticed Grinder
  4542 | D:3      | Noticed Sigmund
  4542 | D:3      | Paralysed by Grinder for 5 turns
  4545 | D:3      | Slain by Grinder

Illustrated notes

Levels and vault maps discovered:
D:1:      doesnt_arrival_eight_statues, layout_basic
D:2:      layout_loops_cross
D:3:      layout_basic, gammafunk_temple_overflow_elements, uniq_ijyb,
          uniq_sigmund, uniq_grinder

Skill      XL: |  1  2  3 |
---------------+----------+-----
Maces & Flails | 1 |  1.6
Fighting       | |  0.8
Short Blades   | |  0.2
Dodging        | |  2.2
Stealth        | |  2.2
Spellcasting   | |  2.3
Conjurations   | |  1.1
Fire Magic     | |  3.7

Action                   |  1- 3 |  4- 6 || total
-------------------------+-------+-------++-------
Melee: Mace              |    27 |       ||    27
       Unarmed           |     3 |       ||     3
       Dagger            |    33 |    14 ||    47
 Cast: Foxfire           |    14 |    13 ||    27
  Use: Scroll            |     1 |     1 ||     2
 Stab: Sleeping          |     2 |     1 ||     3
Armor: Robe              |    13 |     2 ||    15
Dodge: Dodged            |    49 |    22 ||    71
